 Dungeon Crawl Stone Soup version 0.29.1-15-g9cfb28693d (webtiles) character file.

Game seed: 1451308873172580832

13 croobank the Sneak (level 2, 0/21 HPs)
             Began as an Octopode Delver on Feb 28, 2023.
             Slain by a white imp (5 damage)
             ... on level 5 of the Dungeon.
             The game lasted 00:01:00 (154 turns).

croobank the Sneak (Octopode Delver)                 Turns: 154, Time: 00:01:00

Health: 0/21       AC:  1    Str: 11    XL:     2   Next: 37%
Magic:  2/2        EV: 13    Int: 12    God:
Gold:   42         SH:  0    Dex: 13    Spells: 1/1 levels left

rFire   . . .      SeeInvis .   a - +2 hand axe (vorpal)
rCold   . . .      Faith    .   (no shield)
rNeg    . . .      Spirit   .   (helmet restricted)
rPois   .          Reflect  .   (no amulet)
rElec   .          Harm     .   (no ring)
rCorr   .          Rampage  .   (no ring)
Will    .....                   (no ring)
Stlth   ++++......              (no ring)
HPRegen 0.07/turn               (no ring)
MPRegen 0.08/turn               (no ring)
                                (no ring)
                                (no ring)

@: no status effects
A: almost no armour, amphibious, 8 rings, camouflage 1, gelatinous body 1,
(nimble swimmer 1), tentacles
a: no special abilities


You were on level 5 of the Dungeon.
You visited 1 branch of the dungeon, and saw 3 of its levels.

You collected 42 gold pieces.

Inventory:

Hand Weapons
 a - a +2 vorpal hand axe (weapon)
 j - a +0 broad axe
Missiles
 h - 3 silver javelins (quivered)
Wands
 f - a wand of digging (3)
Scrolls
 b - a scroll of fog
 c - a scroll of magic mapping
 d - a scroll of fear
 g - a scroll of immolation {unknown}
Potions
 e - a potion of haste
 k - 2 potions of might {unknown}


   Skills:
 + Level 3.1 Fighting
 * Level 2.3 Axes
 + Level 2.2 Dodging
 + Level 6.7 Stealth


You had one spell level left.
You didn't know any spells.
Your spell library was empty.

Dungeon Overview and Level Annotations

Branches:
Dungeon (7/15)
 Temple: D:4-7

Altars:


Innate Abilities, Weirdness & Mutations

You cannot wear most types of armour.
You are amphibious.
You can wear up to eight rings at the same time.
Your skin changes colour to match your surroundings (Stealth+).
Your rubbery body absorbs attacks. (AC +1, EV +1)
((You are camouflaged when in or above water. (Stealth+)))
You have tentacles for arms and can constrict up to eight enemies at once.


Message History

You drop a +0 hand axe.
Adjust to which letter? (? for menu, Esc to quit)
a - a +2 vorpal hand axe (weapon)
You open the door.
There is an open door here.
You open the door.
There is an open door here.
You now have 42 gold pieces (gained 7).
As you open the door, it creaks loudly!
A white imp comes into view.
The white imp shouts, "Quit, thou fulsome saucy clack-dish!"
You hear a shout!
Found a glowing yellow potion.
An ufetubus comes into view.
There is an open door here.
You miss the ufetubus. You grab the ufetubus. You squeeze the ufetubus.
The ufetubus is severely wounded.
You constrict the ufetubus. The ufetubus hits you. The ufetubus misses you.
The ufetubus hits you. x2
You are too injured to fight recklessly!
You are too injured to fight recklessly!
You are too injured to fight recklessly!
You are too injured to fight recklessly!
You are too injured to fight recklessly!
You release your grip on the ufetubus.
You slash the ufetubus!
You kill the ufetubus!
You barely miss the white imp. You grab the white imp.
You constrict the white imp. The white imp hits you. The white imp freezes you.
* * * LOW HITPOINT WARNING * * *
The white imp hits you.
* * * LOW HITPOINT WARNING * * *
The white imp freezes you.
* * * LOW HITPOINT WARNING * * *
It was a potion of curing.
You feel better.
You constrict the white imp, but do no damage.
The white imp hits you.
* * * LOW HITPOINT WARNING * * *
The white imp freezes you.
You die...

#....#... #...##...#
#....+...##...##...#
#....#.............#
#........##..## .
#........######
..######........#
.......#...##...#
.!.....#...## ..#
.......#@...# .#
.......5....# #
.......######
###+#.. #.. #.. .
#.. .### ... ...#
...


You could see a white imp.

Vanquished Creatures
  An ufetubus (D:5)
  3 orcs (D:5)
  A quokka (D:5)
5 creatures vanquished.

Notes
Turn   | Place    | Note
-------+----------+-------------------------------------------
     0 | D:5      | croobank the Octopode Delver began the quest for the Orb.
     0 | D:5      | Reached XP level 1. HP: 16/16 MP: 1/1
    77 | D:7      | Noticed a centaur
   121 | D:5      | Reached XP level 2. HP: 21/21 MP: 2/2
   153 | D:5      | HP: 1/21 [white imp (3)]
   154 | D:5      | Slain by a white imp

Illustrated notes

Levels and vault maps discovered:
D:5:      layout_gridville
D:6:      layout_basic, nicolae_specific_store, minmay_statues_item,
          wad_floor_pattern_untrapped, roderic_nine_men_s_morris, kb_rosetta
D:7:      layout_cave_pools, temple_doors_ab,
          nicolae_concentric_dashed_squares_wild

Action                   || total
-------------------------++-------
Melee: Hand axe          ||    10
       Tentacles         ||     3
       Constrict         ||     3
  Use: Potion            ||     1
 Stab: Sleeping          ||     1
Dodge: Dodged            ||     5
